 Dungeon Crawl Stone Soup version 0.30-a0-462-gd5975efbca (webtiles) character file.

Game seed: 2791597926779578067

61 Ijustatesigmund the Firebug (level 4, 0/36 HPs)
             Began as a Hill Orc Fire Elementalist on Dec 16, 2022.
             Slain by a water moccasin (1 damage)
             ... on level 3 of the Dungeon.
             The game lasted 00:04:56 (3146 turns).

Ijustatesigmund the Firebug (HOFE)                  Turns: 3146, Time: 00:04:58

Health: 0/36       AC:  4    Str: 10    XL:     4   Next: 7%
Magic:  3/6        EV: 12    Int: 17    God:
Gold:   66         SH:  0    Dex: 11    Spells: 3/6 levels left

rFire   + . .      SeeInvis .    h - +2 quarterstaff (vorpal)
rCold   + . .      Faith    .    (shield currently unavailable)
rNeg    . . .      Spirit   .    a - +1 robe
rPois   +          Reflect  .    (no helmet)
rElec   +          Harm     .    (no cloak)
rCorr   +          Rampage  +    (no gloves)
Will    +....                    g - +0 pair of boots {rampage}
Stlth   ++........               (no amulet)
HPRegen 0.26/turn                f - ring of willpower
MPRegen 0.10/turn                (no ring)

@: lethally poisoned (0 -> -3), resistant
A: no striking features
a: no special abilities


You were on level 3 of the Dungeon.
You visited 1 branch of the dungeon, and saw 3 of its levels.

You collected 66 gold pieces.

Inventory:

Hand Weapons
 e - a +2 sling of draining
 h - a +2 vorpal quarterstaff (weapon)
 l - a +0 dagger
Armour
 a - a +1 robe (worn)
 g - a +0 pair of boots of rampaging (worn)
Jewellery
 f - a ring of willpower (left hand)
Wands
 d - a wand of mindburst (11)
 m - a wand of charming (3)
Scrolls
 i - a scroll of vulnerability
Potions
 b - a potion of magic
 c - a potion of flight


   Skills:
 + Level 2.3 Fighting
 - Level 1.5 Dodging
 - Level 1.5 Stealth
 - Level 1.5 Spellcasting
 + Level 2.2 Conjurations
 + Level 4.0 Fire Magic


You had 3 spell levels left.
You knew the following spells:

 Your Spells              Type           Power      Damage    Failure   Level
a - Foxfire               Conj/Fire      48%        2x1d6     5%          1
b - Scorch                Fire           30%        2d7       6%          2

Your spell library contained the following spells:

 Spells                   Type           Power      Damage    Failure   Level
 Inner Flame              Hex/Fire       8%         N/A       26%         3
 Kindle Blastsparks       Fire/Tloc/Air  10%        2d10      34%         3
 Flame Wave               Conj/Fire      12%        2d6       50%         4


Dungeon Overview and Level Annotations

Branches:
Dungeon (3/15)

Altars:

Annotations:
D:3 Sigmund


Message History

You barely miss the water moccasin.
The water moccasin is lightly wounded.
The water moccasin barely misses you.
The water moccasin bites you but does no damage.
You closely miss the water moccasin.
The water moccasin is lightly wounded.
The river rat is no longer more vulnerable to fire.
The water moccasin bites you!
You miss the water moccasin.
The water moccasin is lightly wounded.
The water moccasin bites you. x2
You are poisoned.
The water moccasin poisons you!
Unknown command.
It was a potion of resistance.
You feel protected.
You feel very sick. The water moccasin bites you!
* * * LOW HITPOINT WARNING * * *
The water moccasin closely misses you.
You hit the water moccasin.
The water moccasin is heavily wounded.
* * * LOW HITPOINT WARNING * * *
You feel very sick.
The water moccasin bites you but does no damage.
A rat comes into view.
You barely miss the water moccasin.
The water moccasin is heavily wounded.
* * * LOW HITPOINT WARNING * * *
You feel sick.
The water moccasin barely misses you. x2
You closely miss the water moccasin.
The water moccasin is heavily wounded.
* * * LOW HITPOINT WARNING * * *
You feel sick.
The water moccasin closely misses you. x2
Unknown command.
You barely miss the water moccasin.
The water moccasin is heavily wounded.
* * * LOW HITPOINT WARNING * * *
You feel sick. The water moccasin bites you.
You die...

**********
*~~~*~,~,*
*~∩~*~~,,*
*~~~*~,~,*
*+**+~~.r######
*~~~~~..rrrS@.##
*~,~~~...#B##..#
*,~~,?,,,#,*##.#
*,,,,,,,,*,* #.#
****,,,,,,,* #.#
********* #.##
#..# ##.# ######
#.# #.....


You could see a water moccasin, a river rat, a giant cockroach and 3 rats.

Vanquished Creatures
  An adder (D:2)
  3 dart slugs
  2 bats
  2 endoplasms
  3 giant cockroaches
  8 goblins
  3 hobgoblins
  2 jackals (D:2)
  5 quokkas
  6 ball pythons
  6 frilled lizards
  2 rats (D:1)
43 creatures vanquished.

Vanquished Creatures (others)
  127 foxfires
127 creatures vanquished.

Grand Total: 170 creatures vanquished

Notes
Turn   | Place    | Note
-------+----------+-------------------------------------------
     0 | D:1      | Ijustatesigmund the Hill Orc Fire Elementalist began the
                  | quest for the Orb.
     0 | D:1      | Reached XP level 1. HP: 14/14 MP: 3/3
   268 | D:1      | Found a faded altar of an unknown god.
   373 | D:1      | Reached skill level 1 in Fighting
   373 | D:1      | Reached XP level 2. HP: 23/23 MP: 1/4
   376 | D:1      | Learned a level 2 spell: Scorch
  1073 | D:1      | Reached XP level 3. HP: 28/28 MP: 3/5
  2193 | D:2      | Reached skill level 4 in Fire Magic
  2373 | D:2      | Reached XP level 4. HP: 33/36 MP: 2/6
  3011 | D:3      | Noticed Sigmund
  3019 | D:3      | Noticed a water moccasin
  3145 | D:3      | HP: 1/36 [poisoned by a water moccasin]
  3146 | D:3      | Slain by a water moccasin

Illustrated notes

Levels and vault maps discovered:
D:1:      dpeg_arrival_three_same_balls, layout_rooms,
          chequers_ecumenical_altar_island, serial_co_window_serial,
          co_window_corner_a, co_window_corner_a, co_window_of_opportunity_a,
          co_window_of_opportunity_a, co_window_paths_a, co_window_corner_a,
          co_window_cross_1, co_window_corner_a, co_window_corner_a,
          co_window_cross_3, co_window_broadway_c, co_window_of_opportunity_b,
          co_window_of_opportunity_b, co_window_broadway_b, glass_columns_b,
          glass_columns_a, glass_columns_c, glass_columns_b
D:2:      layout_rooms, serial_co_window_serial, co_window_of_opportunity_a,
          co_window_corner_a, co_window_of_opportunity_a,
          co_window_of_opportunity_a, co_window_paths_a, co_window_corner_a,
          co_window_of_opportunity_a, co_window_unsneaky_path_a,
          co_window_corner_cb, co_window_of_opportunity_b, co_window_2corner,
          co_window_broadway_a, co_window_broadway_a, co_window_broadway_b,
          glass_columns_b
D:3:      layout_rooms, portal_sewer_entry_e, uniq_sigmund

Skill      XL: |  1  2  3 |
---------------+----------+-----
Fighting       | 1 2 |  2.3
Conjurations   | 2 |  2.2
Fire Magic     | 4 |  4.0
Dodging        | |  1.5
Stealth        | |  1.5
Spellcasting   | |  1.5

Action                   |  1- 3 |  4- 6 || total
-------------------------+-------+-------++-------
Melee: Unarmed           |     1 |       ||     1
       Dagger            |    11 |       ||    11
       Quarterstaff      |       |     7 ||     7
 Fire: Sling             |       |     3 ||     3
 Cast: Foxfire           |    75 |     4 ||    79
       Scorch            |     3 |     2 ||     5
  Use: Scroll            |       |     8 ||     8
       Potion            |       |     2 ||     2
Armor: Robe              |     5 |     6 ||    11
Dodge: Dodged            |     8 |    12 ||    20

Table legend: (Time is in decaauts)
 A = Elapsed time spent in this place.
 B = Non-inter-level travel time spent in this place.
 C = Inter-level travel time spent in this place.
 D = Time resting spent in this place.
 E = Time spent auto-exploring this place.
 F = Levels seen in this place.
 G = Mean time per level.
                   A        B        C        D        E       F      G
               +--------+--------+--------+--------+--------+-----+--------+
         Total |   3148 |   3077 |     71 |    345 |   2321 |   3 | 1049.3 |
       Dungeon |   3148 |   3077 |     71 |    345 |   2321 |   3 | 1049.3 |
               +--------+--------+--------+--------+--------+-----+--------+

Top non-repeatable levels by time:
     D:1: 1604 daAuts
     D:2: 1394 daAuts
     D:3: 149 daAuts
